[ AOE2 MATCH · #506669145 ]
UnrankedMongols vs Bohemians
Player's team · LOSS
Rival team · WIN
[ REPLAY ANALYSIS · EXTRACTED FROM THE RECORDED GAME ]
Feudal
26:36
Castle
—
Imperial
—
| APM avg | 25.0 |
| APM peak | 72 |
| eAPM avg | 14.4 |
| Villagers / military | 67 / 0 |
Focus
⚔️ 24.4% · 🌾 75.6%
Feudal
23:13
Castle
27:20
Imperial
—
| APM avg | 33.2 |
| APM peak | 63 |
| eAPM avg | 22.3 |
| Villagers / military | 79 / 8 |
Focus
⚔️ 23.4% · 🌾 76.6%
Petard ×5 · Monk ×2 · Mangonel ×1
Match map
Initial resources + every placement click. Lines = walls · curves = elevation contours. ◆ gold · ⬟ stone · ● berries · ✦ relic · ◌ wall gap
Your base· ✓ Closed at 12:00 · 31t walls · no gate
JonSlow's base· ✓ Closed at 27:20 · 46t walls · no gate
Smoothed initial terrain · ◌ = detected wall gap · hover for details
Inputs per minute
— Fs.Jubileu - - JonSlow
Build order — Fs.Jubileu
121 actions detected in the replay
| 0:01 | Research | Loom |
| 0:01 | Create | Villager (Male) |
| 0:02 | Create | Villager (Male) |
| 0:02 | Create | Villager (Male) |
| 0:03 | Build | House |
| 0:21 | Create | Villager (Male) |
| 0:21 | Create | Villager (Male) |
| 0:50 | Build | Palisade Wall |
| 3:21 | Create | Villager (Male) |
| 3:21 | Create | Villager (Male) |
| 4:16 | Build | Palisade Wall |
| 4:20 | Build | Palisade Wall |
| 4:21 | Build | Palisade Wall |
| 4:28 | Build | Palisade Wall |
| 4:33 | Build | Palisade Wall |
| 4:37 | Build | Palisade Wall |
| 4:46 | Build | Palisade Wall |
| 4:47 | Build | Palisade Wall |
| 4:47 | Build | Palisade Wall |
| 4:50 | Create | Villager (Male) |
| 4:59 | Build | Palisade Wall |
| 5:01 | Build | Palisade Wall |
| 5:05 | Build | Palisade Wall |
| 5:13 | Build | Palisade Wall |
| 5:44 | Create | Villager (Male) |
| 5:44 | Create | Villager (Male) |
| 5:51 | Build | House |
| 5:59 | Build | Palisade Wall |
| 6:08 | Build | Palisade Wall |
| 6:13 | Create | Villager (Male) |
| 6:13 | Create | Villager (Male) |
| 7:00 | Build | Palisade Wall |
| 7:02 | Build | Palisade Wall |
| 7:03 | Build | Palisade Wall |
| 7:04 | Build | Palisade Wall |
| 7:56 | Build | Palisade Wall |
| 7:57 | Build | Palisade Wall |
| 8:06 | Create | Villager (Male) |
| 8:06 | Create | Villager (Male) |
| 8:06 | Create | Villager (Male) |
| 8:16 | Build | House |
| 8:18 | Build | Palisade Wall |
| 8:19 | Build | Palisade Wall |
| 8:32 | Create | Villager (Male) |
| 8:48 | Create | Villager (Male) |
| 8:48 | Create | Villager (Male) |
| 9:22 | Create | Villager (Male) |
| 9:22 | Create | Villager (Male) |
| 9:40 | Create | Villager (Male) |
| 9:40 | Create | Villager (Male) |
| 10:23 | Create | Villager (Male) |
| 10:23 | Create | Villager (Male) |
| 10:24 | Create | Villager (Male) |
| 10:47 | Build | Lumber Camp |
| 10:59 | Build | Palisade Wall |
| 11:12 | Build | Palisade Wall |
| 11:14 | Build | Palisade Wall |
| 11:24 | Create | Villager (Male) |
| 11:50 | Build | Palisade Wall |
| 11:53 | Create | Villager (Male) |
| 11:58 | Create | Villager (Male) |
| 12:09 | Build | House |
| 12:10 | Create | Villager (Male) |
| 12:22 | Build | Palisade Wall |
| 12:23 | Build | Palisade Wall |
| 12:26 | Build | Palisade Wall |
| 12:32 | Create | Villager (Male) |
| 12:34 | Build | House |
| 12:44 | Create | Villager (Male) |
| 13:05 | Build | House |
| 13:21 | Create | Villager (Male) |
| 13:31 | Create | Villager (Male) |
| 14:11 | Build | Palisade Wall |
| 14:14 | Build | Palisade Wall |
| 14:33 | Create | Villager (Male) |
| 14:33 | Create | Villager (Male) |
| 15:07 | Create | Villager (Male) |
| 15:31 | Create | Villager (Male) |
| 15:32 | Create | Villager (Male) |
| 15:42 | Create | Villager (Male) |
| 15:56 | Build | Palisade Wall |
| 15:57 | Build | Palisade Wall |
| 16:02 | Build | Palisade Wall |
| 16:03 | Build | Palisade Wall |
| 16:04 | Build | Palisade Wall |
| 16:13 | Build | House |
| 16:17 | Build | Palisade Wall |
| 16:29 | Create | Villager (Male) |
| 16:29 | Create | Villager (Male) |
| 16:38 | Create | Villager (Male) |
| 16:38 | Create | Villager (Male) |
| 16:39 | Create | Villager (Male) |
| 16:45 | Build | Mill |
| 18:02 | Create | Villager (Male) |
| 18:02 | Create | Villager (Male) |
| 18:03 | Create | Villager (Male) |
| 18:03 | Create | Villager (Male) |
| 18:03 | Create | Villager (Male) |
| 18:03 | Create | Villager (Male) |
| 18:03 | Create | Villager (Male) |
| 18:03 | Create | Villager (Male) |
| 18:03 | Create | Villager (Male) |
| 18:58 | Create | Villager (Male) |
| 18:58 | Create | Villager (Male) |
| 18:58 | Create | Villager (Male) |
| 18:58 | Create | Villager (Male) |
| 18:58 | Create | Villager (Male) |
| 18:58 | Create | Villager (Male) |
| 18:59 | Create | Villager (Male) |
| 18:59 | Create | Villager (Male) |
| 18:59 | Create | Villager (Male) |
| 18:59 | Create | Villager (Male) |
| 18:59 | Create | Villager (Male) |
| 18:59 | Create | Villager (Male) |
| 18:59 | Create | Villager (Male) |
| 18:59 | Create | Villager (Male) |
| 23:48 | Build | Palisade Wall |
| 24:19 | Build | Palisade Wall |
| 24:26 | Research | Feudal Age |
| 25:14 | Build | Mining Camp |
| 26:36 | Age | Feudal Age |
Build order — JonSlow
First 150 of 190 actions detected
| 0:01 | Create | Villager (Male) |
| 0:01 | Create | Villager (Male) |
| 0:01 | Create | Villager (Male) |
| 0:02 | Build | House |
| 0:04 | Build | House |
| 0:12 | Research | Loom |
| 0:12 | Create | Villager (Male) |
| 0:12 | Create | Villager (Male) |
| 0:13 | Create | Villager (Male) |
| 2:31 | Create | Villager (Male) |
| 2:31 | Create | Villager (Male) |
| 2:59 | Build | Palisade Wall |
| 3:28 | Build | Palisade Wall |
| 4:05 | Create | Villager (Male) |
| 4:05 | Create | Villager (Male) |
| 5:16 | Create | Villager (Male) |
| 5:31 | Build | Palisade Wall |
| 5:33 | Build | Palisade Wall |
| 5:34 | Build | Palisade Wall |
| 5:36 | Build | Palisade Wall |
| 5:37 | Create | Villager (Male) |
| 5:37 | Create | Villager (Male) |
| 6:01 | Build | Palisade Wall |
| 6:07 | Create | Villager (Male) |
| 6:21 | Build | Palisade Wall |
| 6:21 | Build | Palisade Wall |
| 6:24 | Build | Palisade Wall |
| 6:40 | Build | Palisade Wall |
| 6:48 | Build | Palisade Wall |
| 6:55 | Create | Villager (Male) |
| 6:58 | Build | House |
| 7:08 | Build | Palisade Wall |
| 7:13 | Create | Villager (Male) |
| 7:14 | Create | Villager (Male) |
| 7:42 | Create | Villager (Male) |
| 8:09 | Create | Villager (Male) |
| 8:09 | Create | Villager (Male) |
| 8:37 | Create | Villager (Male) |
| 9:09 | Create | Villager (Male) |
| 9:10 | Create | Villager (Male) |
| 9:10 | Create | Villager (Male) |
| 9:32 | Build | Mill |
| 9:40 | Create | Villager (Male) |
| 9:40 | Create | Villager (Male) |
| 10:03 | Build | House |
| 10:15 | Create | Villager (Male) |
| 10:57 | Create | Villager (Male) |
| 10:57 | Create | Villager (Male) |
| 11:35 | Create | Villager (Male) |
| 11:55 | Build | Lumber Camp |
| 12:05 | Build | Palisade Wall |
| 12:12 | Create | Villager (Male) |
| 12:31 | Build | Farm |
| 12:37 | Build | House |
| 12:48 | Create | Villager (Male) |
| 13:16 | Build | House |
| 13:17 | Create | Villager (Male) |
| 13:18 | Create | Villager (Male) |
| 13:41 | Build | Farm |
| 13:54 | Create | Villager (Male) |
| 13:56 | Build | Farm |
| 14:06 | Build | Palisade Wall |
| 14:21 | Create | Villager (Male) |
| 14:38 | Build | Palisade Wall |
| 14:50 | Create | Villager (Male) |
| 15:12 | Create | Villager (Male) |
| 15:22 | Create | Villager (Male) |
| 15:45 | Create | Villager (Male) |
| 15:46 | Build | Farm |
| 15:48 | Build | Farm |
| 15:48 | Build | Farm |
| 15:49 | Create | Villager (Male) |
| 16:09 | Create | Villager (Male) |
| 16:32 | Create | Villager (Male) |
| 16:37 | Create | Villager (Male) |
| 16:38 | Create | Villager (Male) |
| 17:06 | Build | Palisade Wall |
| 17:11 | Build | Palisade Wall |
| 17:12 | Build | Palisade Wall |
| 17:18 | Build | Palisade Wall |
| 17:22 | Create | Villager (Male) |
| 17:22 | Create | Villager (Male) |
| 17:33 | Build | Palisade Wall |
| 17:39 | Build | Palisade Wall |
| 17:45 | Create | Villager (Male) |
| 17:58 | Create | Villager (Male) |
| 17:58 | Create | Villager (Male) |
| 18:29 | Create | Villager (Male) |
| 18:30 | Build | Farm |
| 18:32 | Build | Farm |
| 18:44 | Build | Palisade Wall |
| 18:51 | Build | Palisade Wall |
| 19:16 | Create | Villager (Male) |
| 19:17 | Create | Villager (Male) |
| 19:23 | Build | Lumber Camp |
| 19:37 | Build | Palisade Wall |
| 19:45 | Create | Villager (Male) |
| 19:47 | Build | Farm |
| 19:48 | Build | Farm |
| 19:49 | Build | Farm |
| 19:50 | Build | Farm |
| 19:51 | Create | Villager (Male) |
| 20:02 | Build | Farm |
| 20:02 | Build | Farm |
| 20:20 | Build | Farm |
| 20:22 | Build | House |
| 21:03 | Research | Feudal Age |
| 21:03 | Research | Feudal Age |
| 21:08 | Build | Mining Camp |
| 21:14 | Build | Farm |
| 21:49 | Build | House |
| 22:00 | Build | Farm |
| 22:01 | Build | Farm |
| 22:13 | Create | Villager (Male) |
| 22:13 | Create | Villager (Male) |
| 22:29 | Build | Farm |
| 22:43 | Build | Mining Camp |
| 23:13 | Age | Feudal Age |
| 23:16 | Build | Watch Tower |
| 23:21 | Create | Villager (Male) |
| 23:26 | Build | Blacksmith |
| 23:28 | Build | Market |
| 24:02 | Build | Stone Wall |
| 24:40 | Research | Castle Age |
| 24:40 | Research | Castle Age |
| 24:44 | Build | Farm |
| 24:47 | Build | Farm |
| 24:56 | Build | Outpost |
| 25:27 | Research | Double-Bit Axe |
| 25:27 | Research | Double-Bit Axe |
| 25:42 | Research | Horse Collar |
| 25:43 | Research | Horse Collar |
| 26:51 | Create | Villager (Male) |
| 26:51 | Create | Villager (Male) |
| 27:20 | Age | Castle Age |
| 27:23 | Build | Siege Workshop |
| 27:25 | Build | Monastery |
| 27:28 | Create | Villager (Male) |
| 27:40 | Create | Mangonel |
| 27:46 | Create | Villager (Male) |
| 28:01 | Create | Monk |
| 28:05 | Create | Villager (Male) |
| 28:06 | Build | Farm |
| 28:32 | Build | House |
| 28:33 | Create | Villager (Male) |
| 28:35 | Build | Farm |
| 28:37 | Create | Villager (Male) |
| 28:51 | Create | Villager (Male) |
| 28:55 | Create | Monk |
| 29:09 | Build | Stone Wall |
Match timeline
| 0:50 | Fs.Jubileu · wall_segment Palisade Wall x9 |
| 2:59 | JonSlow · wall_segment Palisade Wall x6 |
| 3:28 | JonSlow · wall_segment Palisade Wall x1 |
| 4:16 | Fs.Jubileu · wall_segment Palisade Wall x1 |
| 4:20 | Fs.Jubileu · wall_segment Palisade Wall x1 |
| 4:21 | Fs.Jubileu · wall_segment Palisade Wall x1 |
| 4:28 | Fs.Jubileu · wall_segment Palisade Wall x1 |
| 4:33 | Fs.Jubileu · wall_segment Palisade Wall x1 |
| 4:37 | Fs.Jubileu · wall_segment Palisade Wall x1 |
| 4:46 | Fs.Jubileu · wall_segment Palisade Wall x1 |
| 4:47 | Fs.Jubileu · wall_segment Palisade Wall x1 |
| 4:47 | Fs.Jubileu · wall_segment Palisade Wall x1 |
| 4:59 | Fs.Jubileu · wall_segment Palisade Wall x1 |
| 5:01 | Fs.Jubileu · wall_segment Palisade Wall x1 |
| 5:05 | Fs.Jubileu · wall_segment Palisade Wall x1 |
| 5:13 | Fs.Jubileu · wall_segment Palisade Wall x1 |
| 5:31 | JonSlow · wall_segment Palisade Wall x1 |
| 5:33 | JonSlow · wall_segment Palisade Wall x1 |
| 5:34 | JonSlow · wall_segment Palisade Wall x1 |
| 5:36 | JonSlow · wall_segment Palisade Wall x1 |
| 5:59 | Fs.Jubileu · wall_segment Palisade Wall x1 |
| 6:01 | JonSlow · wall_segment Palisade Wall x1 |
| 6:08 | Fs.Jubileu · wall_segment Palisade Wall x1 |
| 6:21 | JonSlow · wall_segment Palisade Wall x1 |
| 6:21 | JonSlow · wall_segment Palisade Wall x1 |
| 6:24 | JonSlow · wall_segment Palisade Wall x1 |
| 6:40 | JonSlow · wall_segment Palisade Wall x1 |
| 6:48 | JonSlow · wall_segment Palisade Wall x1 |
| 7:00 | Fs.Jubileu · wall_segment Palisade Wall x1 |
| 7:02 | Fs.Jubileu · wall_segment Palisade Wall x1 |
| 7:03 | Fs.Jubileu · wall_segment Palisade Wall x1 |
| 7:04 | Fs.Jubileu · wall_segment Palisade Wall x1 |
| 7:08 | JonSlow · wall_segment Palisade Wall x1 |
| 7:56 | Fs.Jubileu · wall_segment Palisade Wall x1 |
| 7:57 | Fs.Jubileu · wall_segment Palisade Wall x1 |
| 8:18 | Fs.Jubileu · wall_segment Palisade Wall x1 |
| 8:19 | Fs.Jubileu · wall_segment Palisade Wall x1 |
| 10:59 | Fs.Jubileu · wall_segment Palisade Wall x1 |
| 11:12 | Fs.Jubileu · wall_segment Palisade Wall x1 |
| 11:14 | Fs.Jubileu · wall_segment Palisade Wall x1 |
| 11:50 | Fs.Jubileu · wall_segment Palisade Wall x1 |
| 12:05 | JonSlow · wall_segment Palisade Wall x6 |
| 12:22 | Fs.Jubileu · wall_segment Palisade Wall x1 |
| 12:23 | Fs.Jubileu · wall_segment Palisade Wall x1 |
| 12:26 | Fs.Jubileu · wall_segment Palisade Wall x1 |
| 14:06 | JonSlow · wall_segment Palisade Wall x1 |
| 14:11 | Fs.Jubileu · wall_segment Palisade Wall x1 |
| 14:14 | Fs.Jubileu · wall_segment Palisade Wall x1 |
| 14:38 | JonSlow · wall_segment Palisade Wall x7 |
| 15:56 | Fs.Jubileu · wall_segment Palisade Wall x1 |
| 15:57 | Fs.Jubileu · wall_segment Palisade Wall x1 |
| 16:02 | Fs.Jubileu · wall_segment Palisade Wall x1 |
| 16:03 | Fs.Jubileu · wall_segment Palisade Wall x1 |
| 16:04 | Fs.Jubileu · wall_segment Palisade Wall x1 |
| 16:17 | Fs.Jubileu · wall_segment Palisade Wall x1 |
| 17:06 | JonSlow · wall_segment Palisade Wall x1 |
| 17:11 | JonSlow · wall_segment Palisade Wall x1 |
| 17:12 | JonSlow · wall_segment Palisade Wall x1 |
| 17:18 | JonSlow · wall_segment Palisade Wall x1 |
| 17:33 | JonSlow · wall_segment Palisade Wall x1 |
| 17:39 | JonSlow · wall_segment Palisade Wall x1 |
| 18:44 | JonSlow · wall_segment Palisade Wall x2 |
| 18:51 | JonSlow · wall_segment Palisade Wall x1 |
| 19:37 | JonSlow · wall_segment Palisade Wall x4 |
| 23:13 | JonSlow · age_up feudal |
| 23:48 | Fs.Jubileu · wall_segment Palisade Wall x7 |
| 24:02 | JonSlow · wall_segment Stone Wall x7 |
| 24:19 | Fs.Jubileu · wall_segment Palisade Wall x7 |
| 26:36 | Fs.Jubileu · age_up feudal |
| 27:20 | JonSlow · age_up castle |
| 27:23 | JonSlow · first_building Siege Workshop |
| 27:25 | JonSlow · first_building Monastery |
| 27:30 | JonSlow · first_market_buy 100 wood |
| 29:09 | JonSlow · wall_segment Stone Wall x1 |
| 29:12 | JonSlow · wall_segment Stone Wall x1 |
| 29:38 | JonSlow · wall_segment Stone Wall x1 |
| 29:43 | JonSlow · wall_segment Stone Wall x1 |
| 29:45 | JonSlow · wall_segment Stone Wall x1 |
| 31:32 | JonSlow · first_building Castle |
[ AI ANALYSIS · 1 CREDIT ]
What really happened in this match?
Wolo.gg analyzes every decision: build order, eco, micro, common mistakes by bracket. Personalized analysis on WhatsApp or Discord in 30 seconds.
Civ guide
Mongols
Perfil
Jugador #1175237